 Dungeon Crawl Stone Soup version 0.24-a0-537-g2d01d4ab0a (webtiles) character file.

Game seed: 11151488210900890260

484 Mithandil the Poker (level 6, 0/52 HPs)
             Began as a Minotaur Gladiator on Aug 15, 2019.
             Slain by a sky beast (6 damage)
             ... on level 5 of the Dungeon.
             The game lasted 00:16:13 (3401 turns).

Mithandil the Poker (Minotaur Gladiator)            Turns: 3401, Time: 00:16:14

Health: 0/52       AC: 11    Str: 21    XL:     6   Next: 88%
Magic:  5/5        EV:  8    Int:  5    God:
Gold:   215        SH:  0    Dex: 13    Spells: 5/5 levels left

rFire    + . .     SeeInvis .   a - +0 trident
rCold    + . .     Gourm    .   (no shield)
rNeg     + . .     Faith    .   g - +0 plate armour
rPois    .         Spirit   .   c - +0 hat
rElec    .         Reflect  .   u - scarf {rC+ rF+}
rCorr    .         Harm     .   (no gloves)
MR       .....                  v - -1 pair of boots (curse)
Stlth    ..........             (no amulet)
HPRegen  0.17/turn              p - ring of positive energy
MPRegen  0.09/turn              w - +2 ring of dexterity

@: no status effects
A: retaliatory headbutt, horns 2
a: no special abilities


You were on level 5 of the Dungeon.
You were not hungry.

You visited 1 branch of the dungeon, and saw 5 of its levels.

You collected 215 gold pieces.

Inventory:

Hand Weapons
 a - a +0 trident (weapon)
 b - a +4 hand axe of venom
 r - a +2 mace of protection
Missiles
 d - 3 throwing nets
 e - 123 stones
 k - 13 sling bullets
 l - 46 poisoned darts
 t - 2 atropa-tipped darts
 x - 4 javelins (quivered)
Armour
 c - a +0 hat (worn)
 g - a +0 plate armour (worn)
 u - a scarf of resistance (worn)
 v - a cursed -1 pair of boots (worn)
Jewellery
 j - an uncursed ring of flight
 p - a ring of positive energy (left hand)
 w - a +2 ring of dexterity (right hand)
Wands
 m - a wand of enslavement (5)
 n - a wand of flame (22)
 q - a wand of acid (5)
Potions
 h - a potion of flight
 i - a potion of cancellation
 o - a potion of might
 s - a potion of curing
Comestibles
 f - 7 rations
 z - 4 chunks of flesh


   Skills:
 + Level 4.2 Fighting
 * Level 6.3 Polearms
 - Level 2.0 Throwing
 + Level 3.2 Armour
 + Level 4.5 Dodging
 + Level 2.8 Unarmed Combat


You had 5 spell levels left.
You didn't know any spells.
Your spell library was empty.

Dungeon Overview and Level Annotations

Branches:
Dungeon (5/15)
 Temple: D:4-7

Altars:

Annotations:
D:3 1 runed translucent door, Gargoyl's ghost, amateur CeAK
D:5 Prince Ribbit


Innate Abilities, Weirdness & Mutations

You reflexively headbutt those who attack you in melee.
You have a pair of horns on your head.


Message History

You headbutt the orc wizard, but do no damage.
The orc wizard is almost dead.
An ooze comes into view.
Something hits you.
* * * LOW HITPOINT WARNING * * *
Something shocks you.
* * * LOW HITPOINT WARNING * * *
The orc wizard hits you but does no damage.
You closely miss the orc wizard.
The ooze quivers.
You headbutt the orc wizard, but do no damage.
The orc wizard is almost dead.
Something hits you but does no damage.
The orc wizard hits you but does no damage.
You puncture the orc wizard!
You kill the orc wizard!
Something hits you.
* * * LOW HITPOINT WARNING * * *
Something shocks you.
You die...

.......
#....#
....<..
#....#
.......
#...$#
####..#
#...[# #..
....# ...
...+ ...
##'# ###
####
##@.###..##
#.){#.)...#
#...'.)...#
#..)#[)...#
###<####..#
#.# ..# .>.
... #....
.... ##..##
##'#


There were no monsters in sight!

Vanquished Creatures
  A phantom (D:3)
  A scorpion (D:4)
  2 orc priests
  3 orc wizards
  Natasha (thrice) (D:2)
  6 adders
  A leopard gecko (D:3)
  16 orcs
  4 ball pythons
  5 bats
  A giant cockroach (D:1)
  3 goblins (D:3)
  6 hobgoblins
  7 jackals
  2 quokkas (D:3)
  4 frilled lizards
  7 kobolds
  8 rats
80 creatures vanquished.

Vanquished Creatures (others)
  A withered plant (D:3)
1 creature vanquished.

Grand Total: 81 creatures vanquished

Notes
Turn   | Place    | Note
-------+----------+-------------------------------------------
     0 | D:1      | Mithandil the Minotaur Gladiator began the quest for the
                  | Orb.
     0 | D:1      | Reached XP level 1. HP: 18/18 MP: 0/0
   118 | D:1      | Reached XP level 2. HP: 22/25 MP: 1/1
   292 | D:1      | Reached skill level 4 in Polearms
   750 | D:2      | Reached skill level 1 in Armour
   774 | D:2      | Noticed Natasha
   783 | D:2      | Killed Natasha
   783 | D:2      | Reached skill level 1 in Unarmed Combat
   783 | D:2      | Reached XP level 3. HP: 12/30 MP: 2/2
   996 | D:2      | Noticed Natasha
  1016 | D:2      | Killed Natasha
  1016 | D:2      | Reached XP level 4. HP: 18/38 MP: 3/3
  1683 | D:2      | Noticed Natasha
  1692 | D:2      | Killed Natasha
  2066 | D:3      | Reached skill level 5 in Polearms
  2066 | D:3      | Reached XP level 5. HP: 30/45 MP: 4/4
  2259 | D:3      | Found a runed translucent door.
  2260 | D:3      | Noticed Gargoyl's ghost (amateur CeAK)
  2640 | D:3      | Noticed a phantom
  2657 | D:3      | Killed a phantom
  2657 | D:3      | Reached XP level 6. HP: 51/52 MP: 5/5
  3237 | D:5      | Entered Level 5 of the Dungeon
  3237 | D:5      | Noticed Prince Ribbit
  3251 | D:4      | Reached skill level 6 in Polearms
  3382 | D:5      | Noticed a sky beast
  3401 | D:5      | Slain by a sky beast

Levels and vault maps discovered:
D:1:      grunt_arrival_lava_bath, layout_basic, lemuel_old_faithful
D:2:      layout_rooms, serial_co_window_serial, co_window_corner_a,
          co_window_paths_a, co_window_paths_b, co_window_paths_a,
          co_window_cross_1, co_window_unsneaky_path_b, co_window_corner_b,
          co_window_corner_b, co_window_of_opportunity_c, co_window_corner_b,
          co_window_broadway_a, co_window_broadway_b, glass_columns_a,
          glass_columns_b, glass_columns_a, uniq_natasha
D:3:      layout_loops_corners, gammafunk_ghost_grave, minmay_distorted
D:4:      layout_basic
D:5:      layout_gridville, elyvilon_altar_5, first_ration, serial_shops,
          nicolae_shop_trees, uniq_edmund, uniq_prince_ribbit1

Skill      XL: |  1  2  3  4  5  6 |
---------------+-------------------+-----
Polearms       | 4 5 6 |  6.3
Armour         | 1 2 3 |  3.2
Unarmed Combat | 1 2 |  2.8
Fighting       | 3 4 |  4.2
Dodging        | 4 |  4.5
Throwing       | |  2.0

Action                   |  1- 3 |  4- 6 || total
-------------------------+-------+-------++-------
Melee: Trident           |    51 |   161 ||   212
       Headbutt          |     7 |    23 ||    30
  Use: Potion            |       |     8 ||     8
       Scroll            |       |     3 ||     3
  Eat: Chunk             |       |     8 ||     8
Armor: Leather armour    |     3 |       ||     3
       Ring mail         |     3 |     2 ||     5
       Plate armour      |       |    87 ||    87
Dodge: Dodged            |    45 |    60 ||   105

Table legend:
 A = Non-vault XP
 B = Vault XP
 C = Vault XP percentage of total XP
 D = Non-vault monster count
 E = Vault monster count
 F = Vault count percentage of total count
                 A         B        C        D         E       F
            +---------+---------+-------+---------+---------+-------
      Total |     652 |      40 |   5.8 |      77 |       3 |   3.8
            +---------+---------+-------+---------+---------+-------
        D:1 |      25 |       0 |   0.0 |      15 |       0 |   0.0
        D:2 |      98 |      36 |  26.9 |      14 |       1 |   6.7
        D:3 |     299 |       4 |   1.3 |      33 |       2 |   5.7
        D:4 |     138 |       0 |   0.0 |       8 |       0 |   0.0
        D:5 |      92 |       0 |   0.0 |       7 |       0 |   0.0
            +---------+---------+-------+---------+---------+-------
